 Dungeon Crawl Stone Soup version 0.15.2 (webtiles) character file.

2118 Heini the Basher (level 9, -5/82 HPs)
             Began as a Minotaur Fighter on Feb 2, 2015.
             Was a Believer of Okawaru.
             Slain by a killer bee (6 damage)
             ... on Level 7 of the Dungeon.
             The game lasted 00:14:28 (5745 turns).

Heini the Basher (Minotaur Fighter)                 Turns: 5745, Time: 00:14:29

HP  -5/82        AC 15     Str 24      XL: 9   Next:  8%
MP   4/4         EV  4     Int  5      God: Okawaru [**....]
Gold 447         SH  9     Dex 10      Spells:  0 memorised,  8 levels left

rFire  + . .     SeeInvis .     t - +1 morningstar
rCold  + . .     Clarity  .     h - +0 plate armour
rNeg   . . .     rCorr    +     c - +0 shield
rPois  +         rRot     .     (helmet restricted)
rElec  +         Spirit   .     (no cloak)
SustAb .         Warding  .     (no gloves)
rMut   .         Stasis   .     j - +0 pair of boots
Gourm  .                        (no amulet)
MR     .....                    (no ring)
                                y - ring of teleport control

@: lethally poisoned, resistant, not resistant to hostile enchantments,
extremely unstealthy
A: retaliatory headbutt, horns 2
a: Heroism, Renounce Religion, Evoke Teleport Control


You were on level 7 of the Dungeon.
You worshipped Okawaru.
Okawaru was pleased with you.
You were very hungry.

You visited 2 branches of the dungeon, and saw 9 of its levels.

You collected 447 gold pieces.

Inventory:

Hand weapons
 t - a +1 morningstar (weapon)
Armour
 c - a +0 shield (worn)
 h - a +0 plate armour (worn)
 j - a +0 pair of boots (worn)
Comestibles
 d - 10 bread rations
 g - 2 beef jerkies
 p - a royal jelly
 r - 5 meat rations
 s - a slice of pizza
 D - 3 fruits
Scrolls
 k - 2 scrolls of fog
 o - 3 scrolls of remove curse
 v - a scroll of amnesia
 C - a scroll of enchant armour
 E - a scroll of identify
Jewellery
 i - an uncursed ring of stealth {unknown}
 y - a ring of teleport control (left hand)
Potions
 e - 2 potions of might
 f - 3 potions of curing
 l - 3 potions of haste
 m - a potion of cancellation
 n - 2 potions of porridge
 q - a potion of agility {unknown}
 w - a potion of restore abilities {unknown}
 x - a potion of cure mutation {unknown}
 z - 2 potions of magic
 B - a potion of brilliance
 G - 2 potions of poison {unknown}
Books
 b - a book of Conjurations

   Spells                             Type                      Level
   Magic Dart                         Conjuration                  1
   Searing Ray                        Conjuration                  2
   Dazzling Spray                     Conjuration/Hexes            3
   Fulminant Prism                    Conjuration/Hexes            4
   Iskenderun's Mystic Blast          Conjuration                  4
   Iskenderun's Battlesphere          Conjuration/Charms           5
 u - a book of Cantrips

   Spells                             Type                      Level
   Corona                             Hexes                        1
   Animate Skeleton                   Necromancy                   1
   Summon Small Mammal                Summoning                    1
   Apportation                        Translocation                1
 F - a book of Annihilations {highlevel, unknown}

   This book is beyond your current level of understanding.

   Spells                             Type                      Level
   Poison Arrow                       Conjuration/Poison           6
   Chain Lightning                    Conjuration/Air              8
   Lehudib's Crystal Spear            Conjuration/Earth            8
   Glaciate                           Conjuration/Ice              9
   Fire Storm                         Conjuration/Fire             9


   Skills:
 * Level 8.8 Fighting
 * Level 9.0 Maces & Flails
 * Level 8.9 Armour
 - Level 3.6 Shields


You had 8 spell levels left.
You didn't know any spells.

Dungeon Overview and Level Annotations

Branches:
Dungeon (8/15)             Temple (1/1) D:5
   Lair: D:8-11

Altars:
Ashenzari
Cheibriados
Dithmenos
Elyvilon
Fedhas
Kikubaaqudgha
Makhleb
Nemelex Xobeh
Okawaru
Qazlal
Sif Muna
Trog
Vehumet
Xom
Yredelemnul
Zin
The Shining One

Shops:
D:4 [


Innate Abilities, Weirdness & Mutations

You reflexively headbutt those who attack you in melee.
You have a pair of horns on your head.


Message History

The killer bee poisons you!
You closely miss the killer bee.
The killer bee is almost dead.
* * * LOW HITPOINT WARNING * * *
You feel very sick.
The killer bee stings you but does no damage. x3
The killer bee stings you!
* * * LOW HITPOINT WARNING * * *
You are more poisoned.
The killer bee poisons you! The killer bee stings you.
* * * LOW HITPOINT WARNING * * *
The killer bee stings you but does no damage. x2
You block the killer bee's attack. x2
The killer bee stings you but does no damage.
Drink which item? (? for menu, Esc to quit)
You feel protected.
* * * LOW HITPOINT WARNING * * *
You feel very sick. The killer bee stings you.
You die...

### #.### ### #...#
#.. #.#.# #.. #.#.#
#..
#.#.##############..
#.#yy...........##..
#.#@y...............
#.#yy...............
#.#.............#...
#.#.............#...
#.#.............####
#.#.............#
###.#.............#
#...#.............#
#.###.............#


You could see 5 killer bees.

Vanquished Creatures
  The ghost of SedStubbie the Grave Robber, an experienced VSNe (D:6)
  2 hungry ghosts (D:7)
  Edmund (D:5)
  A sky beast (D:6)
  A big kobold (D:7)
  4 centaurs
  2 giant frogs
  A jelly (D:5)
  2 scorpions (D:7)
  3 killer bees (D:7)
  A crimson imp (D:6)
  An orc priest (D:5)
  2 hounds
  An iguana (D:6)
  4 orc wizards (D:5)
  4 worker ants
  2 ogre zombies
  A big kobold skeleton (D:6)
  A hound skeleton (D:5)
  A worker ant zombie (D:7)
  5 adders
  2 shadow imps
  A giant mite (D:7)
  A worm (D:3)
  A goliath beetle zombie (D:6)
  An adder skeleton (D:6)
  7 giant geckos
  An ooze (D:2)
  24 orcs
  A bat skeleton (D:6)
  4 giant cockroaches
  3 goblins
  13 hobgoblins
  2 jackals (D:6)
  5 quokkas
  2 ball pythons (D:2)
  2 bats
  4 giant newts
  18 kobolds
  A kobold skeleton (D:4)
  An orc zombie (D:5)
  15 rats
150 creatures vanquished.

Vanquished Creatures (others)
  A hound (D:8)
  An orc wizard (D:5)
  A giant spore (D:8)
3 creatures vanquished.

Grand Total: 153 creatures vanquished

Notes
Turn   | Place    | Note
--------------------------------------------------------------
     0 | D:1      | Heini, the Minotaur Fighter, began the quest for the Orb.
     0 | D:1      | Reached XP level 1. HP: 19/19 MP: 1/1
   125 | D:1      | Reached skill level 4 in Armour
   131 | D:1      | Reached XP level 2. HP: 22/27 MP: 1/1
   948 | D:2      | Reached XP level 3. HP: 29/33 MP: 2/2
   951 | D:2      | Found a blossoming altar of Fedhas.
  1290 | D:2      | Found a deep blue altar of Sif Muna.
  1479 | D:3      | Found a radiant altar of Vehumet.
  1548 | D:3      | Reached XP level 4. HP: 14/41 MP: 2/2
  1773 | D:3      | Found a shadowy altar of Dithmenos.
  2306 | D:4      | Reached skill level 5 in Armour
  2649 | D:4      | Found Skiomaon's Armour Boutique.
  2723 | D:4      | Reached XP level 5. HP: 34/47 MP: 2/2
  3100 | D:5      | Entered Level 5 of the Dungeon
  3126 | D:5      | Reached skill level 5 in Fighting
  3227 | D:5      | Noticed Edmund
  3253 | D:5      | Killed Edmund
  3253 | D:5      | Reached skill level 6 in Armour
  3253 | D:5      | Reached XP level 6. HP: 30/56 MP: 3/3
  3257 | D:5      | Reached skill level 5 in Maces & Flails
  3498 | D:5      | Found a staircase to the Ecumenical Temple.
  3508 | Temple   | Entered the Ecumenical Temple
  3525 | Temple   | Became a worshipper of Warmaster Okawaru
  3647 | D:5      | Found a shadowy altar of Dithmenos.
  3858 | D:5      | Reached XP level 7. HP: 63/63 MP: 3/3
  4072 | D:6      | Noticed SedStubbie's ghost (experienced VSNe)
  4123 | D:6      | Acquired Okawaru's first power
  4123 | D:6      | Reached skill level 7 in Armour
  4346 | D:6      | Killed SedStubbie's ghost
  4346 | D:6      | Reached XP level 8. HP: 56/73 MP: 3/3
  4791 | D:7      | Reached skill level 8 in Fighting
  4863 | D:7      | Found a bloodstained altar of Trog.
  5283 | D:7      | Reached XP level 9. HP: 82/82 MP: 4/4
  5395 | D:7      | Reached skill level 9 in Maces & Flails
  5404 | D:7      | HP: 4/82 [poisoned by a killer bee]
  5745 | D:7      | HP: 1/82 [poisoned by a killer bee]
  5745 | D:7      | Slain by a killer bee

Action                   |  1- 3 |  4- 6 |  7- 9 || total
-------------------------+-------+-------+-------++-------
Melee: Flail             |   118 |     2 |       ||   120
       Morningstar       |       |   154 |   213 ||   367
  Use: Scroll            |       |    20 |     1 ||    21
       Potion            |       |       |     2 ||     2
  Eat: Chunk             |     2 |     7 |     6 ||    15
       Fruit             |       |       |     1 ||     1
